 Dungeon Crawl Stone Soup version 0.28-a0-1638-g9123634e07 (webtiles) character file.

Game seed: 7335250312751507913

69 hashsling the Skirmisher (level 4, -1/41 HPs)
             Began as a Hill Orc Fighter on Jan 25, 2022.
             Slain by a gnoll (7 damage)
             ... on level 2 of the Dungeon.
             The game lasted 00:02:07 (1556 turns).

hashsling the Skirmisher (Hill Orc Fighter)         Turns: 1556, Time: 00:02:08

Health: -1/41      AC:  9    Str: 20    XL:     4   Next: 20%
Magic:  4/4        EV:  7    Int:  8    God:
Gold:   81         SH:  4    Dex: 10    Spells: 3/3 levels left

rFire   . . .      SeeInvis .   a - +0 war axe
rCold   . . .      Faith    .   c - +0 buckler
rNeg    . . .      Spirit   .   h - +0 chain mail
rPois   .          Reflect  .   (no helmet)
rElec   .          Harm     .   (no cloak)
rCorr   .          Rampage  .   (no gloves)
Will    .....                   (no boots)
Stlth   ..........              (no amulet)
HPRegen 0.13/turn               (no ring)
MPRegen 0.09/turn               (no ring)

@: no status effects
A: no striking features
a: no special abilities


You were on level 2 of the Dungeon.
You visited 1 branch of the dungeon, and saw 2 of its levels.

You collected 81 gold pieces.

Inventory:

Hand Weapons
 a - a +0 war axe (weapon)
Armour
 c - a +0 buckler (worn)
 h - a +0 chain mail (worn)
Scrolls
 e - a scroll of magic mapping {unknown}
 g - a scroll of silence {unknown}
 i - a scroll of identify {unknown}
Potions
 b - a potion of berserk rage {unknown}
 d - a potion of might
 f - a potion of lignification {unknown}


   Skills:
 + Level 4.3 Fighting
 + Level 3.7 Axes
 + Level 3.9 Armour
 + Level 3.8 Shields


You had 3 spell levels left.
You didn't know any spells.
Your spell library was empty.

Dungeon Overview and Level Annotations

Branches:
Dungeon (2/15)

Altars:

Shops:
D:1 *


Message History

You closely miss the gnoll. The gnoll barely misses you.
The gnoll hits you but does no damage. The gnoll barely misses you.
You barely miss the gnoll. The gnoll closely misses you.
The gnoll hits you from afar with a +0 spear.
You closely miss the gnoll. The gnoll closely misses you.
The gnoll hits you from afar with a +0 spear.
The gnoll barely misses you. x2
You slash the gnoll!
The gnoll is severely wounded.
The gnoll hits you but does no damage. x2
You slash the gnoll!
You kill the gnoll!
The gnoll hits you from afar with a +0 spear.
You have reached level 4!
The gnoll barely misses you.
You see here a +0 club.
You hit the gnoll.
The gnoll is moderately wounded.
The gnoll hits you but does no damage. You block the gnoll's attack.
You slash the gnoll!
You kill the gnoll!
You closely miss the gnoll. The gnoll hits you with a +0 flail.
You barely miss the gnoll. The gnoll hits you with a +0 flail. x2
You are too injured to fight recklessly!
You hit the gnoll.
The gnoll is lightly wounded.
The gnoll hits you but does no damage.
You slash the gnoll!
The gnoll is severely wounded.
The gnoll hits you with a +0 flail!
* * * LOW HITPOINT WARNING * * *
The gnoll hits you with a +0 flail.
* * * LOW HITPOINT WARNING * * *
You closely miss the gnoll.
The gnoll is severely wounded.
The gnoll barely misses you.
You closely miss the gnoll.
The gnoll is severely wounded.
The gnoll hits you with a +0 flail!
You die...

#..# #..# #<.#
#..# ######..#
#.......#########
#.####....).....#
##########.# #@#
#g# #.# #.# #.#
#.# #.# #.#


You could see a gnoll.

Vanquished Creatures
  An adder (D:2)
  2 gnolls (D:2)
  A dart slug (D:1)
  2 bats (D:1)
  3 endoplasms (D:1)
  2 giant cockroaches (D:1)
  3 hobgoblins (D:1)
  3 jackals (D:1)
  4 ball pythons (D:1)
  A frilled lizard (D:2)
  5 goblins (D:1)
  3 kobolds (D:1)
  6 rats (D:1)
36 creatures vanquished.

Vanquished Creatures (others)
  2 withered plants (D:1)
2 creatures vanquished.

Grand Total: 38 creatures vanquished

Notes
Turn   | Place    | Note
-------+----------+-------------------------------------------
     0 | D:1      | hashsling the Hill Orc Fighter began the quest for the Orb.
     0 | D:1      | Reached XP level 1. HP: 19/19 MP: 1/1
   168 | D:1      | Reached XP level 2. HP: 27/27 MP: 2/2
   332 | D:1      | Found Xodux's Assorted Antiques.
   368 | D:1      | Reached skill level 4 in Fighting
   542 | D:1      | Reached XP level 3. HP: 33/33 MP: 3/3
  1190 | D:1      | Found a faded altar of an unknown god.
  1548 | D:2      | Reached XP level 4. HP: 24/40 MP: 4/4
  1556 | D:2      | Slain by a gnoll

Illustrated notes

Levels and vault maps discovered:
D:1:      dpeg_arrival_boxorama, layout_loops_ring, serial_shops,
          nicolae_shop_overgrown_old_shop, shapermc_ecumenical_altar_gd
D:2:      layout_loops_ring

Skill      XL: |  1  2 |
---------------+-------+-----
Axes           | 3 |  3.7
Fighting       | 4 |  4.3
Armour         | |  3.9
Shields        | |  3.8

Action                   |  1- 3 |  4- 6 || total
-------------------------+-------+-------++-------
Melee: War axe           |    99 |     8 ||   107
Armor: Scale mail        |    17 |       ||    17
       Chain mail        |    33 |     2 ||    35
Dodge: Dodged            |    45 |     2 ||    47
Block: Buckler           |    19 |     1 ||    20

Table legend: (Time is in decaauts)
 A = Elapsed time spent in this place.
 B = Non-inter-level travel time spent in this place.
 C = Inter-level travel time spent in this place.
 D = Time resting spent in this place.
 E = Time spent auto-exploring this place.
 F = Levels seen in this place.
 G = Mean time per level.
                   A        B        C        D        E       F      G
               +--------+--------+--------+--------+--------+-----+--------+
         Total |   1594 |   1510 |     84 |      0 |   1236 |   2 |  797.0 |
       Dungeon |   1594 |   1510 |     84 |      0 |   1236 |   2 |  797.0 |
               +--------+--------+--------+--------+--------+-----+--------+

Top non-repeatable levels by time:
     D:1: 1399 daAuts
     D:2: 195 daAuts
